Map: Eternal Empire LE

Players

Lambo

  • Race: Zerg Zerg
  • Spawn Location: 1:00

Geralt (Gerald) - Winner!

  • Race: Protoss Protoss
  • League: Grandmaster
  • Spawn Location: 7:00

Event: DreamHack SC2 Masters 2020 Fall

VOD

Have the link to the VOD?

Description

Time

  • Played on: Sept. 9, 2020, 12:36 p.m.
  • Length: 18:59

All games in this series

Show
View Real Time Build Order
Export as new Build Order

Lambo Zerg 

Build Orders: Pool First 

Get SALT Encoding   

  12  0:16  Spawning Pool  
  11  0:22  Drone  
  11  0:26  Drone  
  13  0:31  Drone  
  14  0:39  Overlord  
  14  1:03  Zergling x4  
  16  1:05  Zergling x2  
  19  1:16  Zergling x2  
  18  1:19  Hatchery  
  17  1:26  Zergling x2  
  18  1:37  Zergling x2  
  18  1:38  Queen  
  21  1:50  Overlord  
  21  2:04  Drone  
  22  2:12  Drone  
  22  2:20  Drone  
  22  2:21  Queen  
  24  2:34  Drone x2  
  25  2:39  Extractor  
  25  2:41  Drone x2  
  26  2:54  Drone x4  
  28  3:03  Hatchery  
  27  3:06  Drone  
  28  3:14  Drone x2  
  28  3:15  Drone  
  31  3:23  Zergling x2  
  31  3:24  Zergling x6  
  35  3:28  Zergling x2  
  35  3:31  Overlord  
  36  3:53  Drone x5  
  40  3:56  Queen  
  40  3:57  Metabolic Boost  
  42  4:03  Drone  
  43  4:12  Overlord  
  43  4:15  Queen  
  45  4:17  Drone x3  
  45  4:24  Drone  
  49  4:29  Spore Crawler  
  49  4:30  Queen  
  50  4:31  Drone x3, Spore Crawler  
  50  4:33  Drone  
  53  4:38  Spore Crawler  
  53  4:41  Drone x2  
  54  4:46  Queen  
  54  4:49  Drone  
  57  4:58  Overlord  
  57  5:07  Roach Warren, Lair, Overlord  
  57  5:08  Drone  
  57  5:15  Overlord  
  57  5:16  Drone x5  
  57  5:17  Drone  
  57  5:19  Drone  
  57  5:20  Drone  
  65  5:26  Drone  
  66  5:30  Drone, Extractor  
  66  5:31  Extractor  
  66  5:32  Drone  
  66  5:33  Evolution Chamber, Overlord  
  66  5:34  Drone x2  
  67  5:36  Drone  
  67  5:39  Drone x2  
  71  5:42  Drone  
  71  5:45  Drone x3  
  74  5:53  Drone  
  74  5:54  Hatchery  
  72  5:58  Drone x2  
  72  5:59  Drone  
  72  6:02  Zerg Melee Weapons Level 1  
  75  6:04  Extractor, Pneumatized Carapace  
  75  6:05  Drone  
  75  6:06  Drone x2  
  75  6:09  Drone x2  
  79  6:11  Overseer  
  79  6:15  Drone x2  
  79  6:18  Overlord  
  81  6:19  Hydralisk Den  
  81  6:20  Drone  
  81  6:21  Extractor x2  
  81  6:23  Drone x2  
  81  6:25  Overlord  
  81  6:34  Overlord  
  81  6:36  Drone x8  
  89  6:40  Overlord  
  88  6:47  Queen x2  
  88  6:48  Muscular Augments  
  88  6:50  Unknown  
  88  6:53  Spore Crawler  
  90  6:57  Spore Crawler  
  90  6:59  Hydralisk x4  
  97  7:06  Hydralisk x3  
  103  7:10  Hydralisk x2  
  103  7:13  Zergling x2  
  107  7:16  Roach x3  
  107  7:18  Zergling x4  
  107  7:21  Zergling x6  
  120  7:22  Roach  
  120  7:31  Overlord x3  
  120  7:35  Baneling Nest  
  120  7:36  Overlord  
  118  7:37  Overlord  
  118  7:38  Overlord  
  118  7:40  Overlord  
  118  7:44  Overlord  
  118  7:45  Zergling x4  
  118  7:48  Overlord  
  118  7:51  Hydralisk x3  
  120  7:55  Hydralisk x2  
  128  7:58  Hydralisk  
  128  8:02  Grooved Spines  
  128  8:04  Drone x3  
  126  8:17  Drone x8  
  132  8:23  Centrifical Hooks  
  132  8:26  Drone  
  132  8:27  Evolution Chamber  
  132  8:28  Drone  
  132  8:31  Drone x2  
  133  8:39  Drone x2  
  133  8:40  Drone x2  
  136  8:42  Drone x2, Queen  
  136  8:46  Hydralisk  
  136  8:47  Zergling x8  
  146  8:50  Overlord  
  146  8:51  Zergling x6  
  146  8:55  Zerg Melee Weapons Level 2  
  149  8:57  Zerg Missile Weapons Level 1  
  149  9:01  Drone x4  
  153  9:05  Zergling x6  
  153  9:08  Overseer  
  156  9:14  Zergling x14  
  164  9:17  Zergling x4  
  165  9:25  Infestation Pit, Hatchery  
  165  9:26  Zergling x2  
  165  9:27  Zergling x10  
  165  9:28  Baneling x3  
  165  9:29  Baneling  
  169  9:35  Zergling x14  
  175  9:39  Zergling x2  
  175  9:43  Zergling x4  
  176  9:48  Zergling x8  
  176  9:49  Baneling  
  176  9:50  Baneling x5  
  176  9:51  Zergling x10  
  176  9:52  Zergling x4  
  186  9:54  Overlord  
  186  9:58  Zergling x2  
  185  10:00  Baneling x8  
  185  10:03  Zergling x8  
  185  10:06  Zergling x4  
  182  10:08  Zergling x2  
  182  10:10  Hydralisk  
  182  10:12  Hive  
  179  10:14  Hydralisk x3  
  179  10:16  Baneling x3  
  185  10:24  Drone x6  
  191  10:28  Baneling x7  
  191  10:29  Spire  
  191  10:30  Hydralisk  
  192  10:38  Zergling x10  
  197  10:45  Zergling x12  
  197  10:47  Zergling x2  
  197  10:48  Zergling x6  
  195  10:56  Zergling x12  
  189  11:08  Zergling x14  
  188  11:15  Drone x10, Spore Crawler  
  194  11:19  Hydralisk x3  
  194  11:21  Baneling x6  
  194  11:22  Baneling x24  
  194  11:23  Baneling  
  194  11:25  Zerg Missile Weapons Level 2  
  194  11:30  Drone x4  
  194  11:31  Zergling x2  
  198  11:43  Overlord  
  198  11:47  Zerg Melee Weapons Level 3, Greater Spire  
  197  11:49  Overlord  
  197  12:01  Zergling x20  
  195  12:08  Zergling x12  
  195  12:10  Adrenal Glands  
  188  12:23  Zergling x24  
  198  12:33  Hydralisk x2  
  198  12:34  Overseer  
  200  12:42  Zergling x6  
  200  12:46  Overlord  
  200  12:47  Overlord  
  200  12:49  Hatchery  
  200  12:50  Drone x5  
  199  12:54  Overseer  
  199  12:55  Overlord  
  199  13:00  Baneling x11  
  199  13:10  Overlord  
  195  13:24  Extractor  
  195  13:25  Hydralisk x3  
  199  13:27  Baneling x8  
  199  13:34  Overseer x4  
  199  13:39  Baneling x6  
  199  13:40  Zergling x2  
  199  13:50  Zergling x2  
  199  13:55  Zergling x10  
  199  13:56  Zergling x20  
  199  13:57  Zergling x6  
  199  13:58  Zergling x16, Hatchery  
  199  13:59  Hydralisk x3  
  198  14:04  Burrow  
  198  14:05  Hydralisk x5  
  198  14:09  Hydralisk x6  
  198  14:10  Zergling x6  
  198  14:12  Zerg Ground Armor Level 1  
  196  14:17  Zergling x8  
  197  14:24  Zerg Missile Weapons Level 3  
  197  14:27  Baneling x3  
  197  14:28  Baneling x27  
  197  14:30  Zergling x4  
  199  14:33  Baneling x4, Unknown  
  199  14:34  Baneling x11  
  199  14:37  Zergling x2  
  199  14:40  Overseer  
  199  14:48  Pathogen Glands  
  199  14:51  Zergling x2, Overseer x3  
  200  14:57  Zergling x2  
  198  15:01  Zergling x26  
  198  15:02  Zergling x10  
  198  15:03  Zergling x2  
  200  15:17  Overlord  
  199  15:23  Baneling x11  
  199  15:26  Hydralisk x4  
  198  15:29  Baneling x9  
  198  15:31  Zergling x6  
  198  15:45  Hatchery  
  198  15:47  Zergling x18  
  200  15:50  Hatchery  
  200  15:55  Zergling x2  
  200  16:07  Overlord  
  188  16:12  Zergling x30  
  188  16:15  Spine Crawler  
  188  16:16  Spine Crawler  
  188  16:17  Hydralisk x5  
  188  16:18  Spine Crawler  
  190  16:23  Hydralisk x4  
  192  16:34  Baneling x11  
  192  16:35  Hydralisk x4  
  192  16:38  Baneling x6, Overseer x2  
  195  16:43  Zergling x18  
  191  16:47  Hydralisk x5  
  178  17:00  Hydralisk x9  
  172  17:01  Hydralisk  
  161  17:08  Hydralisk x3  
  161  17:12  Hydralisk  
  147  17:16  Hydralisk x3  
  147  17:19  Hydralisk  
  147  17:21  Hydralisk  
  141  17:26  Hydralisk x2  
  137  17:30  Zergling x6  
  137  17:36  Hydralisk x2  
  136  17:39  Hydralisk x2  
  136  17:40  Zergling x2  
  134  17:44  Hydralisk  
  134  17:45  Zergling x2  
  134  17:47  Zergling x4  
  134  17:49  Zergling x2  
  134  17:53  Zergling x4  
  134  17:57  Zergling x6  
  134  17:58  Overseer  
  134  18:00  Zergling x2  
  134  18:01  Zergling x2  
  134  18:05  Baneling x4  
  135  18:09  Zergling x6  
  135  18:12  Zergling x4  
  140  18:15  Zergling x4  
  140  18:18  Zergling x4  
  140  18:19  Zergling x2  
  145  18:22  Zergling x4  
  145  18:26  Zergling x2  
  128  18:28  Hydralisk  
  128  18:30  Zergling x4  
  128  18:31  Hydralisk  
Show
View Real Time Build Order
Export as new Build Order

Geralt Protoss - Winner!

Build Orders: 1 Gate Expand 

Get SALT Encoding   

  12  0:00  Probe  
  13  0:12  Probe  
  14  0:20  Pylon  
  14  0:25  Probe  
  14  0:28  Assimilator  
  15  0:38  Probe (Chrono Boost)  
  16  0:47  Gateway  
  16  0:48  Probe (Chrono Boost)  
  17  0:53  Probe (Chrono Boost)  
  18  1:04  Probe  
  19  1:16  Probe  
  20  1:24  Nexus  
  20  1:34  Cybernetics Core  
  21  1:41  Assimilator  
  21  1:48  Zealot (Chrono Boost)  
  22  1:57  Pylon  
  22  2:14  Adept (Chrono Boost)  
  22  2:17  Probe  
  21  2:29  Probe  
  22  2:36  Adept (Chrono Boost)  
  20  2:41  Probe  
  20  2:43  Probe  
  22  2:56  Warp Gate  
  22  2:57  Probe x2 (Chrono Boost)  
  25  3:07  Probe (Chrono Boost)  
  25  3:09  Probe (Chrono Boost)  
  26  3:14  Stalker  
  26  3:19  Probe (Chrono Boost)  
  30  3:20  Probe (Chrono Boost)  
  30  3:29  Probe (Chrono Boost)  
  30  3:31  Probe (Chrono Boost)  
  32  3:35  Stargate  
  32  3:37  Probe  
  33  3:46  Probe  
  34  3:49  Probe  
  35  3:59  Probe  
  35  4:01  Probe (Chrono Boost)  
  37  4:05  Gateway  
  37  4:13  Probe (Chrono Boost)  
  39  4:22  Probe (Chrono Boost)  
  39  4:23  Nexus  
  40  4:25  Probe (Chrono Boost)  
  40  4:28  Probe  
  41  4:31  Oracle  
  41  4:35  Probe  
  45  4:40  Probe  
  45  4:41  Pylon  
  46  4:48  Pylon  
  46  4:54  Gateway  
  46  4:55  Assimilator  
  46  4:59  Probe x2  
  48  5:02  Assimilator  
  48  5:06  Oracle (Chrono Boost)  
  48  5:11  Probe x2  
  53  5:14  Stargate  
  53  5:18  Adept  
  55  5:23  Adept, Probe  
  55  5:25  Probe  
  59  5:31  Pylon  
  59  5:34  Phoenix (Chrono Boost)  
  59  5:35  Probe  
  60  5:39  Probe  
  60  5:42  Probe  
  64  5:47  Probe  
  65  5:51  Probe  
  65  5:53  Phoenix (Chrono Boost)  
  69  5:59  Probe  
  69  6:00  Probe, Pylon  
  69  6:03  Probe  
  69  6:04  Phoenix (Chrono Boost)  
  73  6:12  Probe  
  73  6:13  Probe  
  73  6:14  Adept x2  
  73  6:16  Phoenix (Chrono Boost)  
  73  6:17  Probe  
  82  6:24  Phoenix (Chrono Boost), Adept  
  86  6:26  Probe x2  
  86  6:30  Probe  
  89  6:33  Phoenix  
  89  6:37  Pylon  
  89  6:38  Probe, Pylon  
  92  6:40  Probe  
  93  6:55  Robotics Facility, Probe x3  
  93  6:56  Adept x2  
  93  6:57  Assimilator  
  100  7:01  Assimilator  
  100  7:07  Probe  
  101  7:12  Probe x2  
  103  7:15  Twilight Council  
  103  7:16  Forge  
  103  7:20  Probe  
  104  7:24  Probe x2  
  106  7:32  Probe  
  106  7:36  Gateway x2, Probe x2  
  109  7:39  Gateway  
  109  7:42  Gateway  
  109  7:44  Gateway  
  109  7:45  Protoss Ground Weapons Level 1  
  109  7:46  Pylon  
  109  7:47  Charge  
  109  7:57  Templar Archives  
  109  7:58  Probe x3  
  109  8:04  Immortal  
  108  8:10  Probe x2  
  102  8:13  Probe  
  102  8:15  Psionic Storm  
  97  8:20  Zealot  
  97  8:21  Zealot x2, Shield Battery, Photon Cannon  
  97  8:22  Pylon  
  97  8:23  Pylon  
  97  8:24  Pylon  
  97  8:25  Shield Battery  
  99  8:37  High Templar x4  
  99  8:40  Immortal (Chrono Boost)  
  111  8:53  High Templar x2  
  111  8:54  Zealot x2, Nexus  
  111  8:55  Pylon  
  119  9:02  Archon  
  119  9:09  Pylon  
  119  9:12  Immortal  
  119  9:13  Probe  
  124  9:23  Zealot x6  
  136  9:27  Nexus  
  136  9:29  Pylon  
  136  9:31  Assimilator  
  136  9:35  Assimilator  
  130  9:50  High Templar x3  
  130  9:51  High Templar  
  130  9:52  Zealot, High Templar x2, Observer  
  143  9:53  Zealot  
  143  9:57  Archon  
  143  9:58  Archon  
  147  10:04  Protoss Ground Weapons Level 2  
  147  10:06  Archon  
  131  10:07  Archon  
  131  10:11  Probe  
  131  10:12  Probe  
  131  10:13  Immortal  
  133  10:15  High Templar  
  133  10:16  Zealot, Gateway  
  133  10:17  Gateway, Probe  
  133  10:19  Gateway  
  133  10:20  Photon Cannon  
  138  10:21  Photon Cannon  
  138  10:23  Photon Cannon, Probe  
  138  10:25  Shield Battery  
  138  10:26  Shield Battery  
  138  10:27  Shield Battery  
  139  10:29  Photon Cannon  
  139  10:31  Pylon  
  139  10:35  Fleet Beacon  
  139  10:42  Zealot x3  
  139  10:43  Zealot x4  
  139  10:49  Gateway  
  147  10:52  Sentry, Pylon  
  147  11:00  Pylon  
  147  11:01  Pylon  
  146  11:04  Stalker x2  
  146  11:05  Stalker x2  
  146  11:07  Probe  
  146  11:09  Immortal  
  134  11:23  High Templar x3  
  134  11:24  Probe x3  
  143  11:35  Probe (Chrono Boost)  
  143  11:39  Photon Cannon x2  
  146  11:41  Probe (Chrono Boost), Photon Cannon  
  146  11:42  Mothership (Chrono Boost), Photon Cannon  
  152  11:48  Immortal  
  152  11:51  Stalker  
  152  11:52  Probe (Chrono Boost), Stalker x2  
  163  11:56  Probe (Chrono Boost)  
  163  12:02  Probe  
  163  12:06  Gateway  
  163  12:07  Photon Cannon  
  160  12:10  Photon Cannon  
  160  12:12  Shield Battery x2  
  160  12:16  Stalker  
  156  12:24  Zealot x2, Archon  
  156  12:25  Zealot, Archon  
  156  12:26  Probe  
  156  12:28  Immortal  
  167  12:33  Probe  
  168  12:44  High Templar x2  
  168  12:50  Photon Cannon  
  166  12:51  Zealot x3  
  166  12:54  Pylon  
  166  12:58  Pylon  
  172  13:04  Gateway  
  172  13:06  Pylon  
  172  13:10  Pylon  
  172  13:12  Observer  
  176  13:13  Immortal  
  176  13:14  High Templar x2  
  176  13:15  High Templar  
  176  13:21  Tempest x2 (Chrono Boost)  
  186  13:28  Pylon  
  186  13:30  Protoss Air Weapons Level 1  
  186  13:32  Nexus  
  186  13:35  Zealot x6  
  198  13:43  Pylon  
  196  13:52  Zealot x2  
  198  13:56  Archon  
  174  14:05  Zealot  
  174  14:06  Zealot x6  
  180  14:11  Probe  
  180  14:13  Nexus  
  180  14:15  Pylon  
  180  14:16  Unknown  
  177  14:17  High Templar x3  
  177  14:18  Tempest x2  
  193  14:27  Gateway  
  193  14:28  High Templar x3  
  199  14:32  Photon Cannon  
  199  14:38  Shield Battery, Photon Cannon  
  195  14:52  High Templar x2  
  195  15:01  Archon, Tempest  
  195  15:06  High Templar x4  
  200  15:25  Carrier, Probe  
  189  15:34  Zealot  
  189  15:35  Zealot x4  
  199  15:44  Archon  
  197  15:54  Protoss Shields Level 1  
  197  15:57  Probe  
  198  16:09  Protoss Air Weapons Level 2 (Chrono Boost)  
  188  16:13  Archon  
  188  16:16  Zealot  
  188  16:17  Zealot x8  
  198  16:20  Zealot  
  198  16:21  Zealot  
  197  16:32  Pylon  
  197  16:39  High Templar  
  194  16:53  Archon  
  194  16:55  Archon  
  194  16:59  Archon x2  
  178  17:02  Zealot x10  
  194  17:11  Immortal  
  172  17:18  Tempest x2  
  172  17:21  Probe  
  172  17:22  Probe  
  144  17:31  High Templar x4  
  144  17:32  Zealot x7  
  144  17:34  Probe  
  144  17:35  Probe  
  154  17:55  High Templar x7  
  166  17:58  Carrier (Chrono Boost)  
  166  17:59  Carrier (Chrono Boost)  
  176  18:07  Archon  
  176  18:08  Archon  
  176  18:10  Zealot x4  
  176  18:12  Gateway  
  184  18:15  Gateway  
  184  18:16  Pylon  
  167  18:27  Zealot x5  
  167  18:28  Zealot x2  
  149  18:35  Zealot x4  
  127  18:50  Zealot x3  
  127  18:51  Zealot x4  

Tags
 
Add a new tag
Caveats
  • Supply blocks, unpowered buildings, or Contaminate may cause inaccurate times.
  • Supply counts are checked every 10 seconds.